[Event "Titled Tuesday Blitz April 25 Late 2023"]
[White "Makarian, Rudik"]
[Black "Smirnov, Pavel"]
[WhiteFideId "44105681"]
[BlackFideId "4123425"]
[WhiteElo "2430"]
[BlackElo "2519"]
[Result "1-0"]
[Round "04"]
[TimeControl "180+2"]
[Date "2023.04.25"]
[WhiteClock "0:00:05"]
[BlackClock "0:00:03"]

1. d4 Nf6 2. c4 e6 3. Nf3 d5 4. Nc3 c6 5. Bg5 h6 6. Bxf6 Qxf6 7. a3 dxc4 8. e3 b5 9. Ne5 Bb7 10. b3 cxb3 11. Nxb5 cxb5 12. Qxb3 Bd6 13. Qxb5+ Bc6 14. Nxc6 O-O 15. Be2 Nxc6 16. Qxc6 Qe7 17. Qa4 Rfc8 18. O-O Rc3 19. g3 Rxa3 20. Rxa3 Bxa3 21. Ra1 Bd6 22. Bf3 Rd8 23. Qxa7 Qxa7 24. Rxa7 g6 25. Kg2 h5 26. Be4 Kg7 27. h4 Kf6 28. Bd3 Rb8 29. Be4 Bf8 30. Bc6 Rc8 31. d5 Bd6 32. Ra6 Rd8 33. dxe6 Kxe6 34. Kf3 Kf6 35. Bd5 Rd7 36. e4 Kg7 37. Ke2 Bc5 38. Rc6 Bd4 39. f4 Ra7 40. e5 Bb2 41. Kf3 Ba1 42. Bc4 Ra3+ 43. Ke4 Ra7 44. Kd5 Rd7+ 45. Ke4 Ra7 46. Kf3 Ra3+ 47. Kg2 Ra7 48. Kh3 Rb7 49. g4 hxg4+ 50. Kxg4 Bb2 51. h5 gxh5+ 52. Kxh5 Rd7 53. Kg4 Re7 54. Kf5 Ra7 55. Bd5 Rd7 56. Be4 Re7 57. Rc2 Bd4 58. Rg2+ Kf8 59. Bd5 Be3 60. Ra2 Bd4 61. Kf6 Re8 62. Bxf7 Rc8 63. Bd5 Rb8 64. Rh2 Rb6+ 65. Kf5 Kg7 66. Rg2+ Kf8 67. Rg8+ Ke7 68. Rg7+ Kf8 69. Rd7 Ke8 70. Rh7 Be3 71. Ke4 Bc1 72. f5 Rb4+ 73. Kd3 Bb2 74. Bc6+ Kd8 75. e6 Rd4+ 76. Kc2 Rc4+ 77. Kxb2 Rxc6 78. Kb3 Ke8 79. Rf7 Rc5 80. Kb4 Rc1 81. Kb5 Rc2 82. Kb6 Rc3 83. Rh7 Rf3 84. Rf7 Rc3 85. Ra7 Rf3 86. Kc6 Rxf5 87. Kd6 Kf8 88. Ra8+ Kg7 89. e7 1-0


[Site "https://www.chess.com"]

[Event "Titled Tuesday Blitz April 25 Late 2023"]
[White "Djordjevic, Vuk"]
[Black "Bortnyk, Olexandr"]
[WhiteFideId "902098"]
[BlackFideId "14120828"]
[WhiteElo "2452"]
[BlackElo "2734"]
[Result "0-1"]
[Round "04"]
[TimeControl "180+2"]
[Date "2023.04.25"]
[WhiteClock "0:00:02"]
[BlackClock "0:00:43"]

1. d4 d6 2. Bg5 g6 3. Nf3 Bg7 4. e3 c5 5. c3 Qb6 6. Na3 Nf6 7. Nc4 Qc7 8. a4 Be6 9. Rc1 O-O 10. Bd3 Bxc4 11. Bxc4 cxd4 12. cxd4 Qa5+ 13. Ke2 Nbd7 14. Bb5 h6 15. Bh4 g5 16. Bg3 a6 17. Bxd7 Nxd7 18. Nd2 b5 19. axb5 Qxb5+ 20. Ke1 Qxb2 21. Nc4 Qb5 22. Nd2 Rfb8 23. h4 a5 24. hxg5 hxg5 25. Qc2 Nf6 26. Qc4 Qxc4 27. Rxc4 Rb2 28. f3 a4 29. Ke2 a3 30. Ra1 a2 31. Kd3 Nd5 32. Bf2 Ra3+ 33. Ke2 Nc3+ 34. Ke1 Bf6 35. e4 g4 36. fxg4 Bg5 0-1


[Site "https://www.chess.com"]

[Event "Titled Tuesday Blitz April 25 Late 2023"]
[White "Kucuksari, Kaan"]
[Black "Bortnyk, Mykola"]
[WhiteFideId "6380166"]
[BlackFideId "14120836"]
[WhiteElo "2364"]
[BlackElo "2582"]
[Result "0-1"]
[Round "04"]
[TimeControl "180+2"]
[Date "2023.04.25"]
[WhiteClock "0:00:03"]
[BlackClock "0:00:27"]

1. d4 Nf6 2. c4 e6 3. g3 Bb4+ 4. Bd2 Qe7 5. Nf3 Ne4 6. Bg2 Bxd2+ 7. Nbxd2 Qb4 8. a3 Qa5 9. b4 Qf5 10. Nxe4 Qxe4 11. O-O Qg6 12. d5 O-O 13. Qd4 d6 14. dxe6 fxe6 15. c5 Nc6 16. Qc3 e5 17. b5 Ne7 18. cxd6 cxd6 19. Qc7 Nf5 20. Rfd1 Kh8 21. Rac1 e4 22. Ne1 Qf6 23. Qc3 Qe7 24. Nc2 Bd7 25. Ne3 Bxb5 26. Rd5 Nxe3 27. Qxe3 Bc6 28. Rd4 d5 29. Rb4 a5 30. Rd4 h6 31. h4 Rf7 32. Rcd1 Raf8 33. Rf1 Qe5 34. Rd2 Rd8 35. Qc5 Rdf8 36. e3 a4 37. Rfd1 Rf5 38. Bh3 R5f6 39. Bg2 R8f7 40. Rf1 Qd6 41. Qc3 Kh7 42. Bxe4+ g6 43. Bg2 Qe6 44. Rd4 Qe5 45. Qd2 Rd7 46. Rf4 Rxf4 47. exf4 Qd6 48. Qd4 Qxa3 49. h5 Qd6 50. hxg6+ Qxg6 51. Re1 a3 52. Bh3 Rf7 53. Bf1 Qf6 54. Bd3+ Kg7 55. Qb4 a2 56. Qa5 Qb2 57. f5 b6 0-1


[Site "https://www.chess.com"]

[Event "Titled Tuesday Blitz April 25 Late 2023"]
[White "Esipenko, Andrey"]
[Black "Nasuta, Grzegorz"]
[WhiteFideId "24175439"]
[BlackFideId "1141686"]
[WhiteElo "2615"]
[BlackElo "2449"]
[Result "1-0"]
[Round "04"]
[TimeControl "180+2"]
[Date "2023.04.25"]
[WhiteClock "0:01:12"]
[BlackClock "0:00:02"]

1. e4 e5 2. Nf3 Nc6 3. Bb5 a6 4. Ba4 Nf6 5. O-O Be7 6. Re1 b5 7. Bb3 d6 8. c3 O-O 9. h3 Nb8 10. d4 Nbd7 11. Nbd2 Bb7 12. Bc2 c5 13. Nf1 cxd4 14. cxd4 exd4 15. Nxd4 Re8 16. Ng3 d5 17. e5 Bb4 18. Bd2 Bxd2 19. Qxd2 Nxe5 20. Ngf5 Ne4 21. Qb4 Qf6 22. f3 Ng5 23. f4 Ne4 24. Bxe4 dxe4 25. fxe5 Rxe5 26. Qd6 Qxd6 27. Nxd6 Bd5 28. N6f5 g6 29. Ne3 Bb7 30. Rac1 Re7 31. Red1 Rae8 32. g4 Kg7 33. Kf2 h6 34. Kg3 Ba8 35. Kf4 Bb7 36. h4 f6 37. h5 1-0


[Site "https://www.chess.com"]

[Event "Titled Tuesday Blitz April 25 Late 2023"]
[White "Svane, Rasmus"]
[Black "Bronstein, Or"]
[WhiteFideId "4657101"]
[BlackFideId "2815770"]
[WhiteElo "2597"]
[BlackElo "2356"]
[Result "0-1"]
[Round "04"]
[TimeControl "180+2"]
[Date "2023.04.25"]
[WhiteClock "0:02:36"]
[BlackClock "0:01:46"]

1. Nf3 Nf6 2. g3 g6 3. Bg2 Bg7 4. O-O O-O 5. d4 d5 6. c4 c6 7. Qb3 Qb6 8. Nc3 Rd8 9. Bd2 Na6 10. Rfc1 dxc4 11. Qxc4 Be6 12. Qa4 Bf5 13. Qc2 Bxc2 0-1


[Site "https://www.chess.com"]

[Event "Titled Tuesday Blitz April 25 Late 2023"]
[White "Kovalevsky, Stanislav"]
[Black "Hakobyan, Aram"]
[WhiteFideId "13508598"]
[BlackFideId "13306677"]
[WhiteElo "2174"]
[BlackElo "2584"]
[Result "0-1"]
[Round "04"]
[TimeControl "180+2"]
[Date "2023.04.25"]
[WhiteClock "0:00:14"]
[BlackClock "0:00:20"]

1. c4 g6 2. Nc3 Bg7 3. e4 c5 4. g3 Nc6 5. Bg2 d6 6. Nge2 h5 7. h3 Nf6 8. O-O h4 9. g4 Ne5 10. g5 Nfd7 11. d3 Nc6 12. f4 b6 13. e5 Bb7 14. exd6 exd6 15. Qe1 O-O 16. Qxh4 Rb8 17. Nd5 Nd4 18. Nxd4 Bxd4+ 19. Kh2 b5 20. Be4 bxc4 21. f5 Be5+ 22. Bf4 Bxd5 23. fxg6 Rxb2+ 24. Kg3 Re8 25. Qh7+ Kf8 26. Bxe5 Qxg5+ 27. Kf3 Nxe5# 0-1


[Site "https://www.chess.com"]

[Event "Titled Tuesday Blitz April 25 Late 2023"]
[White "Makaraci, Tunahan"]
[Black "Naroditsky, Daniel"]
[WhiteFideId "6356559"]
[BlackFideId "2026961"]
[WhiteElo "2160"]
[BlackElo "2633"]
[Result "0-1"]
[Round "04"]
[TimeControl "180+2"]
[Date "2023.04.25"]
[WhiteClock "0:00:01"]
[BlackClock "0:01:02"]

1. e4 c5 2. c3 d5 3. exd5 Nf6 4. d4 cxd4 5. cxd4 Nxd5 6. Nf3 Nc6 7. Nc3 e6 8. Bd3 Be7 9. O-O O-O 10. Re1 Nf6 11. a3 b6 12. Bg5 Bb7 13. Bc2 Rc8 14. Qd3 g6 15. Rad1 Na5 16. Ne5 Nd5 17. Bh6 Re8 18. Qh3 Bf6 19. Rd3 Nc4 20. Rg3 Nxb2 21. Bxg6 hxg6 22. Nxg6 fxg6 23. Rxg6+ Kf7 24. Qh5 Ke7 25. Bg5 Rxc3 26. Qh7+ Kd6 27. Rxf6 Nxf6 28. Qxb7 Nd3 29. Re3 Rc1+ 0-1


[Site "https://www.chess.com"]

[Event "Titled Tuesday Blitz April 25 Late 2023"]
[White "Martinez Alcantara, Jose Eduardo"]
[Black "Oro, Faustino"]
[WhiteFideId "3805662"]
[BlackFideId "20000197"]
[WhiteElo "2711"]
[BlackElo "1984"]
[Result "1-0"]
[Round "04"]
[TimeControl "180+2"]
[Date "2023.04.25"]
[WhiteClock "0:00:34"]
[BlackClock "0:00:02"]

1. e4 e5 2. Nf3 Nc6 3. Bb5 Nf6 4. d3 Bc5 5. O-O d6 6. c3 O-O 7. Bg5 a6 8. Ba4 b5 9. Bb3 Bb6 10. a4 Rb8 11. axb5 axb5 12. Na3 b4 13. Nc4 Be6 14. Nxb6 Rxb6 15. Bxe6 fxe6 16. h3 h6 17. Be3 Rb7 18. Ra6 Qd7 19. Qa4 Nb8 20. Ra8 Qxa4 21. Rxa4 bxc3 22. bxc3 Nbd7 23. Rfa1 Rfb8 24. Nd2 Kf7 25. Kf1 Ke7 26. Ke2 Rb2 27. Ra7 R8b7 28. Rxb7 Rxb7 29. Kd1 d5 30. f3 c5 31. Kc2 Ne8 32. Nb3 Rc7 33. Ra5 c4 34. dxc4 dxe4 35. fxe4 Rxc4 36. Kd3 Rc6 37. Nc5 Nxc5+ 38. Bxc5+ Kf6 39. c4 Kf7 40. Ra7+ Kg6 41. Bf8 Nf6 42. Rxg7+ Kh5 43. g4+ 1-0


[Site "https://www.chess.com"]

[Event "Titled Tuesday Blitz April 25 Late 2023"]
[White "Anton Guijarro, David"]
[Black "Djokic, Mihailo"]
[WhiteFideId "2285525"]
[BlackFideId "976440"]
[WhiteElo "2618"]
[BlackElo "2294"]
[Result "1-0"]
[Round "04"]
[TimeControl "180+2"]
[Date "2023.04.25"]
[WhiteClock "0:00:09"]
[BlackClock "0:00:01"]

1. d4 Nf6 2. Nf3 g6 3. Bg5 Bg7 4. Nbd2 O-O 5. e4 d6 6. h3 c5 7. dxc5 dxc5 8. Bc4 Nc6 9. Qe2 Qc7 10. e5 Ne8 11. Bf4 Bf5 12. Nb3 Nb4 13. O-O Bxc2 14. Rac1 Bf5 15. g4 Be6 16. Bxe6 fxe6 17. Nxc5 Nxa2 18. Nxe6 Nxc1 19. Rxc1 Qb6 20. Nxf8 Kxf8 21. Ng5 h6 22. Qf3 Kg8 23. Qd5+ Kh8 24. Ne6 Qxb2 25. Qe4 g5 26. Be3 Qxe5 27. Qxb7 Rb8 28. Qxe7 Qd5 29. Qxa7 Rb7 30. Qa8 Re7 31. Qxd5 1-0


[Site "https://www.chess.com"]

[Event "Titled Tuesday Blitz April 25 Late 2023"]
[White "Narayanan, Srinath"]
[Black "Espinosa, Pedro"]
[WhiteFideId "5018420"]
[BlackFideId "30921066"]
[WhiteElo "2438"]
[BlackElo "2016"]
[Result "1-0"]
[Round "04"]
[TimeControl "180+2"]
[Date "2023.04.25"]
[WhiteClock "0:00:10"]
[BlackClock "0:00:01"]

1. d4 d5 2. Nf3 Nf6 3. Bf4 c5 4. e3 Nc6 5. Nbd2 Qb6 6. dxc5 Qxb2 7. Rb1 Qc3 8. Bb5 g6 9. O-O Bg7 10. e4 dxe4 11. Be5 Qa5 12. Nxe4 O-O 13. Nxf6+ Bxf6 14. Bxf6 exf6 15. Bxc6 bxc6 16. Qd6 Be6 17. Nd4 Rfd8 18. Qxc6 Rac8 19. Qe4 f5 20. Qe3 Qxc5 21. Rfd1 Rd6 22. a4 Rcd8 23. c3 Rc8 24. Rdc1 Ba2 25. Ra1 Be6 26. h4 Rb6 27. h5 Kg7 28. h6+ Kg8 29. a5 Rd6 30. a6 Rcd8 31. Rab1 Qd5 32. Qg5 Qe5 33. Re1 Qh8 34. Nc6 f6 35. Ne7+ Kf7 36. Qe3 Kxe7 37. Rb7+ R8d7 38. Rxd7+ Kxd7 39. Qxa7+ Kd8 40. Qb8+ Ke7 41. Qxh8 1-0


[Site "https://www.chess.com"]

[Event "Titled Tuesday Blitz April 25 Late 2023"]
[White "Holt, Conrad"]
[Black "Kaplan, Avi Harrison"]
[WhiteFideId "2034387"]
[BlackFideId "30934559"]
[WhiteElo "2592"]
[BlackElo "1983"]
[Result "1-0"]
[Round "04"]
[TimeControl "180+2"]
[Date "2023.04.25"]
[WhiteClock "0:00:13"]
[BlackClock "0:00:07"]

1. d4 Nf6 2. c4 g6 3. Nc3 Bg7 4. e4 O-O 5. Nf3 d6 6. h3 c5 7. d5 e6 8. Bd3 exd5 9. cxd5 b5 10. Bxb5 Nxe4 11. Nxe4 Qa5+ 12. Nfd2 Qxb5 13. Nxd6 Qa6 14. N2c4 Nd7 15. O-O Ne5 16. Nxc8 Raxc8 17. Nxe5 Bxe5 18. Re1 Qf6 19. Bh6 Rfd8 20. Qd2 Bxb2 21. Bg5 Qc3 22. Rad1 Qxd2 23. Rxd2 Bc3 24. Bxd8 Rxd8 25. Ree2 Bxd2 26. Rxd2 Kg7 27. d6 Kf6 28. Rd5 c4 29. g4 Ke6 30. Rc5 Rxd6 31. Rxc4 Ra6 32. a4 Kd5 33. Rf4 f6 34. Kg2 g5 35. Rf5+ Ke4 36. a5 Rd6 37. Kg3 Rd5 38. Rxf6 Rxa5 39. Rf7 h6 40. Rf6 Ra3+ 41. f3+ Ke5 42. Rxh6 a5 43. Rg6 a4 44. Rxg5+ Kf6 45. Ra5 Ra1 46. h4 a3 47. Kf4 a2 48. h5 Ke7 49. Kg5 Kf7 50. f4 Kg7 51. f5 Kf7 52. Ra7+ Ke8 53. h6 Kd8 54. h7 Rh1 55. Rxa2 Rxh7 56. Ra8+ Ke7 57. Ra7+ Kd6 58. Rxh7 Ke5 59. Re7+ Kd6 60. f6 Kd5 61. f7 Kd6 62. f8=Q Kc6 63. Qd8 Kb5 64. Rc7 Ka6 65. Qb8 Ka5 66. Ra7# 1-0


[Site "https://www.chess.com"]

[Event "Titled Tuesday Blitz April 25 Late 2023"]
[White "Barria Santos, Jose Guilherme"]
[Black "Goltsev, Dmitry"]
[WhiteFideId "1939300"]
[BlackFideId "24176710"]
[WhiteElo "2266"]
[BlackElo "2336"]
[Result "1-0"]
[Round "04"]
[TimeControl "180+2"]
[Date "2023.04.25"]
[WhiteClock "0:00:28"]
[BlackClock "0:00:17"]

1. e4 e6 2. d4 d5 3. Nd2 c5 4. exd5 exd5 5. Ngf3 Nf6 6. Bb5+ Nc6 7. O-O Be7 8. dxc5 Bxc5 9. Re1+ Be6 10. Nb3 Bb6 11. Nbd4 O-O 12. c3 Ne4 13. Be3 Ne7 14. Bd3 Bg4 15. h3 Bh5 16. Qc2 Bg6 17. Ne5 Nc5 18. Nxg6 hxg6 19. Be2 Re8 20. Rad1 Rc8 21. Bg4 f5 22. Bf3 Nc6 23. Nxf5 Ne4 24. Bxb6 Qxb6 25. Bxe4 gxf5 26. Bxd5+ Kh8 27. Qxf5 Na5 28. Rxe8+ Rxe8 29. Qh5+ Qh6 30. Qxe8+ Kh7 31. Bg8+ Kh8 32. Bf7+ Kh7 33. Bg6+ Qxg6 34. Qxg6+ Kxg6 35. b4 Nc4 36. Rd7 b5 37. Rxa7 Kf6 38. Rb7 Nb2 39. Rxb5 g5 40. Ra5 Nd1 41. Rc5 Nb2 42. b5 Nd3 43. Rc6+ Kf5 44. b6 Ne5 45. Rc5 Kf4 46. Rxe5 Kxe5 47. b7 g4 48. b8=Q+ Kf5 49. hxg4+ Kg5 50. a4 Kh4 51. Qg3+ Kg5 52. a5 Kf6 53. a6 Ke6 54. a7 Kd5 55. a8=N Kc4 56. g5 Kb3 57. g6 Kc2 58. g7 Kb3 59. g8=N Kc2 60. f4 Kd2 61. f5 1-0


[Site "https://www.chess.com"]

[Event "Titled Tuesday Blitz April 25 Late 2023"]
[White "Caruana, Fabiano"]
[Black "Schnaider, Ilan"]
[WhiteFideId "2020009"]
[BlackFideId "169013"]
[WhiteElo "2837"]
[BlackElo "2224"]
[Result "1-0"]
[Round "04"]
[TimeControl "180+2"]
[Date "2023.04.25"]
[WhiteClock "0:01:19"]
[BlackClock "0:00:02"]

1. Nf3 Nf6 2. c4 g6 3. b3 Bg7 4. Bb2 O-O 5. e3 c5 6. Nc3 d5 7. cxd5 Nxd5 8. Be2 Nc6 9. O-O Bg4 10. h3 Bxf3 11. Bxf3 Ndb4 12. Rb1 Nd3 13. Bxc6 bxc6 14. Na4 Nxb2 15. Nxb2 a5 16. Qc2 Qd5 17. Na4 Rab8 18. Nxc5 Rfd8 19. Rfd1 e5 20. d3 Rb5 21. Ne4 Rb4 22. Rbc1 h6 23. Nc3 Qd6 24. Na4 Rc8 25. Qc5 Qc7 26. Qc2 Qd6 27. Qe2 Rb5 28. Rc4 Rd8 29. Nb2 Rd5 30. Rdc1 Qa3 31. Ra4 Qd6 32. Qc2 e4 33. d4 c5 34. dxc5 Qc6 35. Nc4 Rxc5 36. Rxa5 Rxa5 37. Nxa5 Qb5 38. Nc4 Qd5 39. a4 g5 40. a5 h5 41. b4 g4 42. hxg4 hxg4 43. g3 f6 44. Nb6 Qh5 45. a6 1-0


[Site "https://www.chess.com"]

[Event "Titled Tuesday Blitz April 25 Late 2023"]
[White "Leenhouts, Koen"]
[Black "Deac, Bogdan-Daniel"]
[WhiteFideId "1008439"]
[BlackFideId "1226380"]
[WhiteElo "2409"]
[BlackElo "2649"]
[Result "0-1"]
[Round "04"]
[TimeControl "180+2"]
[Date "2023.04.25"]
[WhiteClock "0:00:02"]
[BlackClock "0:00:09"]

1. d4 Nf6 2. c4 e6 3. Nc3 Bb4 4. Qc2 d6 5. Nf3 c5 6. Bd2 Nc6 7. dxc5 Bxc5 8. e3 h6 9. a3 a5 10. Bd3 Bd7 11. O-O O-O 12. Rfd1 Qe7 13. Rac1 Rfc8 14. Nb5 a4 15. Bc3 Nb8 16. Qe2 Bxb5 17. cxb5 Nbd7 18. Bb1 d5 19. Ne5 Nb6 20. h3 Bd6 21. Ng4 Nxg4 22. Qxg4 f5 23. Qd4 Bc5 24. Qe5 Nc4 25. Qg3 Bd6 26. Qf3 Be5 27. Bxe5 Nxe5 28. Qe2 Nc4 29. Ba2 Nd6 30. Qd3 Kh8 31. b6 Qd8 32. Qd4 Nb5 33. Qe5 Qxb6 34. Qf4 Rxc1 35. Rxc1 Qd6 36. Qh4 Qd7 37. Qb4 Nd6 38. Bb1 b5 39. Bd3 Nc4 40. Bxc4 bxc4 41. Qc3 Rb8 42. Rd1 Qc7 43. h4 Rb3 44. Qd4 Qb6 45. Qf4 Rxb2 46. e4 Rb1 47. Rxb1 Qxb1+ 48. Kh2 Qxe4 49. Qb8+ Kh7 50. g3 Qf3 51. Qe8 Qxf2+ 52. Kh3 Qf1+ 53. Kh2 Qe2+ 54. Kh3 c3 55. h5 Qg4+ 56. Kh2 c2 57. Qxe6 Qxh5+ 58. Kg2 c1=Q 59. Qxf5+ Qxf5 0-1


[Site "https://www.chess.com"]

[Event "Titled Tuesday Blitz April 25 Late 2023"]
[White "Gupta, Abhijeet"]
[Black "Chernobay, Artem"]
[WhiteFideId "5010608"]
[BlackFideId "4167406"]
[WhiteElo "2528"]
[BlackElo "2474"]
[Result "0-1"]
[Round "04"]
[TimeControl "180+2"]
[Date "2023.04.25"]
[WhiteClock "0:00:09"]
[BlackClock "0:00:06"]

1. d4 Nf6 2. Nf3 e6 3. Bf4 c5 4. e3 d5 5. c3 Bd6 6. Nbd2 O-O 7. Ne5 b6 8. Bd3 Qc7 9. Ndf3 Ba6 10. Bxa6 Nxa6 11. h4 b5 12. h5 b4 13. h6 g6 14. O-O bxc3 15. bxc3 Ne4 16. Rc1 f6 17. Nd3 c4 18. Bxd6 Qxd6 19. Nf4 Nc7 20. Nd2 Nxd2 21. Qxd2 Rfb8 22. Rb1 Qf8 23. Qc2 Qxh6 24. Rxb8+ Rxb8 25. Qa4 Qg7 26. Qxa7 Rb2 27. Qa3 Rb7 28. Qd6 Qf7 29. a4 g5 30. Ne2 Ne8 31. Qa6 Ra7 32. Qb5 Qd7 33. Rb1 Qxb5 34. axb5 Nd6 35. Ng3 Rb7 36. b6 Nc8 37. e4 Rxb6 38. Ra1 Nd6 39. e5 fxe5 40. dxe5 Nb5 41. Rb1 d4 42. cxd4 c3 43. Ne2 c2 44. Rc1 Na3 45. Kf1 Rb3 46. Ke1 Rd3 47. Ra1 Nb1 48. f3 Rd1+ 49. Kf2 Rd2 50. Ke3 Rxe2+ 51. Kxe2 c1=Q 52. Ra7 Qd2+ 53. Kf1 Qxd4 54. Rb7 Nc3 55. Rb8+ Kg7 56. g4 Qxe5 57. Rb7+ Kg6 58. Rb4 Qe2+ 59. Kg1 Nd5 60. Re4 Qxf3 61. Rxe6+ Kf7 0-1


[Site "https://www.chess.com"]

[Event "Titled Tuesday Blitz April 25 Late 2023"]
[White "Soham Kamotra"]
[Black "Van Foreest, Jorden"]
[WhiteFideId "46647490"]
[BlackFideId "1039784"]
[WhiteElo "2209"]
[BlackElo "2633"]
[Result "0-1"]
[Round "04"]
[TimeControl "180+2"]
[Date "2023.04.25"]
[WhiteClock "0:00:01"]
[BlackClock "0:00:36"]

1. d4 Nf6 2. Bf4 d5 3. e3 c5 4. Nf3 e6 5. Nbd2 Bd6 6. c3 Bxf4 7. exf4 Qb6 8. Qb3 O-O 9. dxc5 Qxc5 10. Bd3 b6 11. Qa4 Bb7 12. O-O Nbd7 13. Rfe1 Qc7 14. Qd4 Qc5 15. Bc2 Qxd4 16. Nxd4 a6 17. a4 Rac8 18. g3 g6 19. N2f3 Ne4 20. Ne5 Ndf6 21. f3 Nd6 22. Kf2 Rc7 23. g4 Kg7 24. Rad1 Re8 25. Kg3 Nd7 26. Bd3 Nc5 27. Bc2 f6 28. Nd3 Kf7 29. g5 Nc4 30. Rb1 e5 31. Nb3 Nxb3 32. Bxb3 Nd2 33. fxe5 Nxb1 34. gxf6 Nd2 35. Ba2 Nc4 36. f4 Bc8 37. Re2 a5 38. Ne1 h6 39. Nc2 g5 40. Nd4 Bd7 41. b3 gxf4+ 42. Kxf4 Nxe5 43. Rxe5 Rxe5 44. Kxe5 Rxc3 45. b4 axb4 46. Bxd5+ Kf8 47. Kd6 Bxa4 48. Ne6+ Ke8 49. Ng7+ Kf8 50. Ne6+ Kf7 51. Nc5+ Kxf6 52. Nxa4 Rd3 53. Nxb6 b3 54. Nc4 Rh3 55. Kc5 Rxh2 56. Ne3 b2 57. Be4 Re2 58. Nd5+ Ke5 59. Bg6 Rg2 60. Bh7 Rg7 61. Bd3 Rg3 62. Bc2 h5 63. Kc4 Rg4+ 0-1


[Site "https://www.chess.com"]

[Event "Titled Tuesday Blitz April 25 Late 2023"]
[White "Ibadov, Dashgyn"]
[Black "Grigoriants, Sergey"]
[WhiteFideId "24107514"]
[BlackFideId "4130804"]
[WhiteElo "2208"]
[BlackElo "2502"]
[Result "0-1"]
[Round "04"]
[TimeControl "180+2"]
[Date "2023.04.25"]
[WhiteClock "0:00:01"]
[BlackClock "0:00:20"]

1. d4 Nf6 2. Nf3 g6 3. Nc3 d5 4. Bf4 Bg7 5. Nb5 Na6 6. e3 O-O 7. h3 Ne4 8. Nd2 Nd6 9. Nxd6 cxd6 10. c3 Nc7 11. Be2 e5 12. Bg3 Be6 13. O-O Qe7 14. Qb3 Rfb8 15. a4 b6 16. Qa3 Qd7 17. Nf3 f6 18. Rfd1 Rd8 19. a5 b5 20. a6 Qc6 21. Qb4 Rab8 22. Ra5 Rb6 23. Rda1 Bf8 24. Ne1 Rdb8 25. Nd3 Bf5 26. Qb3 Qc4 27. Qd1 Qc6 28. Nb4 Qd7 29. Qb3 Be6 30. Bf3 Qf7 31. Qd1 Rd8 32. Be2 h5 33. Qf1 Rdb8 34. b3 g5 35. h4 g4 36. Kh2 Bh6 37. f4 gxf3 38. Qxf3 Bg4 39. Qf2 Bxe2 40. Qxe2 Qg6 41. Rf1 Re8 42. Qf3 Kg7 43. Nxd5 Nxd5 44. Qxd5 Bxe3 45. Rxb5 Rxb5 46. Qxb5 Kh6 47. dxe5 dxe5 48. Qe2 Bb6 49. Qd2+ Kh7 50. Qd7+ Kh6 51. Rf3 Rg8 52. Rd3 Bf2 0-1


[Site "https://www.chess.com"]

[Event "Titled Tuesday Blitz April 25 Late 2023"]
[White "Dardha, Daniel"]
[Black "Lenaerts, Lennert"]
[WhiteFideId "240990"]
[BlackFideId "211435"]
[WhiteElo "2581"]
[BlackElo "2334"]
[Result "1-0"]
[Round "04"]
[TimeControl "180+2"]
[Date "2023.04.25"]
[WhiteClock "0:00:04"]
[BlackClock "0:00:04"]

1. e4 e5 2. d4 exd4 3. Qxd4 Nc6 4. Qc4 Nf6 5. Nc3 Bb4 6. Bd2 d6 7. O-O-O Be6 8. Qe2 O-O 9. f3 Re8 10. g4 Ne5 11. Qf2 Nc4 12. Bxc4 Bxc4 13. h4 Qe7 14. h5 Nd7 15. Nh3 Ne5 16. g5 Be6 17. g6 h6 18. Nf4 Nc4 19. Rhg1 Nxd2 20. Ncd5 Qd7 21. Nxb4 Nc4 22. Qd4 Ne5 23. Qc3 Rac8 24. gxf7+ Qxf7 25. Ng6 Qxf3 26. Qd2 Nxg6 27. Rxg6 Kh7 28. Rdg1 Re7 29. b3 Qf8 30. Nd3 Bf7 31. Rxg7+ Qxg7 32. Rxg7+ Kxg7 33. Qf4 Rce8 34. Qg3+ Kh7 35. Qf3 Bg8 36. Nf4 Rf7 37. Qg3 Rxe4 38. Qg6+ Kh8 39. Qxe4 Bh7 40. Qe8+ Kg7 41. Ne6+ Kf6 42. Nd8 Rg7 43. Qf8+ 1-0


[Site "https://www.chess.com"]

[Event "Titled Tuesday Blitz April 25 Late 2023"]
[White "Martinez Reyes, Pedro Ramon"]
[Black "Melkumyan, Hrant"]
[WhiteFideId "3901807"]
[BlackFideId "13302485"]
[WhiteElo "2340"]
[BlackElo "2604"]
[Result "0-1"]
[Round "04"]
[TimeControl "180+2"]
[Date "2023.04.25"]
[WhiteClock "0:00:02"]
[BlackClock "0:00:03"]

1. e4 e5 2. Nf3 Nc6 3. d4 exd4 4. Nxd4 Nf6 5. Nxc6 bxc6 6. Bd3 d6 7. O-O g6 8. Re1 Nd7 9. Nc3 Bg7 10. Be3 O-O 11. Qd2 Re8 12. Bg5 Bf6 13. Bh6 a5 14. Rad1 a4 15. b3 Nc5 16. Be3 Qe7 17. Bxc5 dxc5 18. e5 Bg7 19. Bc4 axb3 20. axb3 Be6 21. Qe2 Qh4 22. g3 Bxc4 23. bxc4 Qh3 24. f4 h5 25. Rd3 Qe6 26. Re3 Red8 27. Ne4 Rd4 28. Ng5 Qxc4 29. e6 f6 30. e7 Re8 31. Ne6 Qxe2 32. R3xe2 Rd7 33. Nxc5 Rd5 34. Nd3 f5 35. Re6 Kf7 36. Rxc6 Rd7 37. Ree6 Rexe7 38. Rxg6 Re2 39. Rg5 Bd4+ 40. Kf1 Rxh2 41. Rxf5+ Ke7 42. Rg5 Kd8 43. Rg8+ Ke7 44. Rh6 Kf7 45. Rg5 Rd6 46. Rh7+ Kf6 47. Rhxh5 Rxc2 48. Rh6+ Kf7 49. Rh7+ Kf6 50. Rh6+ Kf7 51. Rxd6 cxd6 52. Rd5 Be3 53. Rxd6 Ke7 54. Rd5 Kf6 55. Rd7 Ke6 56. Rd8 Kf5 57. Rd5+ Ke4 58. Rd6 Ra2 59. g4 Kf3 60. Ne1+ Kg3 0-1


[Site "https://www.chess.com"]

[Event "Titled Tuesday Blitz April 25 Late 2023"]
[White "Janaszak, Dawid"]
[Black "Bartel, Mateusz"]
[WhiteFideId "1119206"]
[BlackFideId "1112635"]
[WhiteElo "2220"]
[BlackElo "2521"]
[Result "1-0"]
[Round "04"]
[TimeControl "180+2"]
[Date "2023.04.25"]
[WhiteClock "0:00:07"]
[BlackClock "0:00:05"]

1. e4 c5 2. Nc3 Nc6 3. Bb5 e6 4. Bxc6 bxc6 5. f4 d5 6. d3 Nf6 7. e5 Nd7 8. Nf3 Ba6 9. O-O Be7 10. Qe1 g6 11. b3 Rb8 12. Kh1 O-O 13. f5 exf5 14. e6 Nf6 15. Ng5 Bc8 16. Bf4 Rb4 17. exf7+ Rxf7 18. Nxf7 Kxf7 19. a3 Rb7 20. Qd2 Bf8 21. Rae1 Re7 22. Bg5 Rxe1 23. Rxe1 Qd6 24. h3 Nh5 25. Ne2 Bg7 26. Nf4 Nxf4 27. Bxf4 Qd8 28. Be5 Bf8 29. Qe3 d4 30. Qg3 Be6 31. a4 Bd5 32. Re2 Be7 33. Bc7 Qd7 34. Qf4 g5 35. Rxe7+ Qxe7 36. Qxf5+ Ke8 37. Qc8+ Kf7 38. Qf5+ Qf6 39. Qxf6+ Kxf6 40. Bd6 a6 41. Bxc5 Ke5 42. Kg1 h5 43. Be7 g4 44. hxg4 hxg4 45. Kf2 Be6 46. Bf8 Kd5 47. Kg3 Bc8 48. Kf4 Bd7 49. Bg7 Bc8 50. g3 Bd7 51. Kg5 Bc8 52. Kf6 Bd7 53. Ke7 Bf5 54. Kd8 Kc5 55. Kc7 Be6 56. Kb7 a5 57. Ka6 Kb4 58. Bxd4 c5 59. Be5 Bc8+ 60. Kb6 Bf5 61. Bd6 Kc3 62. Bxc5 Kxc2 63. Kxa5 Kxb3 64. d4 Kc4 65. Kb6 Be4 66. a5 Kd5 67. a6 Ke6 68. Kc7 1-0


[Site "https://www.chess.com"]

[Event "Titled Tuesday Blitz April 25 Late 2023"]
[White "Ehlvest, Jaan"]
[Black "Donchenko, Alexander"]
[WhiteFideId "4500016"]
[BlackFideId "24603295"]
[WhiteElo "2442"]
[BlackElo "2542"]
[Result "1-0"]
[Round "04"]
[TimeControl "180+2"]
[Date "2023.04.25"]
[WhiteClock "0:00:48"]
[BlackClock "0:02:01"]

1. e4 c6 2. d4 d5 3. e5 Bf5 4. h4 h5 5. Bd3 Bxd3 6. Qxd3 Qa5+ 7. Nd2 e6 8. Nf3 Nh6 9. O-O Nf5 10. Nb3 Qa6 11. Qd1 b6 12. Bg5 c5 13. c3 Nc6 14. Re1 cxd4 15. Nbxd4 Ncxd4 16. Nxd4 Nxd4 17. cxd4 Bb4 18. Re3 Rc8 19. a3 Be7 20. Bxe7 Kxe7 21. Qd2 Qa5 22. b4 Qa4 23. Rf3 Rh6 24. Rc1 Rc4 25. Rxc4 dxc4 26. d5 exd5 27. Qxd5 Re6 28. Qb7+ Kd8 29. Rxf7 1-0


[Site "https://www.chess.com"]